 Dungeon Crawl Stone Soup version 0.24.0-13-gcf9b319 (webtiles) character file.

Game seed: 13876873804527635377, levelgen mode: deterministic

291 Billy the Chopper (level 6, -6/37 HPs)
             Began as a Gargoyle Berserker on Feb 4, 2020.
             Was a Believer of Trog.
             Mangled by a gnoll
             ... wielding a +0 halberd
              (8 damage)
             ... on level 3 of the Dungeon.
             The game lasted 00:26:50 (2929 turns).

Billy the Chopper (Gargoyle Berserker)              Turns: 2929, Time: 00:26:51

Health: -6/37      AC: 13    Str: 21    XL:     6   Next: 32%
Magic:  6/6        EV:  9    Int:  8    God:    Trog [**....]
Gold:   84         SH:  0    Dex: 10    Spells: 5/5 levels left

rFire    . . .     SeeInvis .   a - +0 hand axe
rCold    . . .     Gourm    .   (no shield)
rNeg     + . .     Faith    .   g - +0 chain mail
rPois    ∞         Spirit   .   (no helmet)
rElec    +         Reflect  .   (no cloak)
rCorr    .         Harm     .   (no gloves)
MR       .....                  (no boots)
Stlth    ..........             (no amulet)
HPRegen  0.12/turn              (no ring)
MPRegen  0.10/turn              (no ring)

@: berserk cooldown, slowed, very slow
A: negative energy resistance 1, electricity resistance, unbreathing,
petrification resistance, rot immunity, AC +4
a: Berserk, Trog's Hand, Renounce Religion


You were on level 3 of the Dungeon.
You worshipped Trog.
Trog was pleased with you.
You were very hungry.

You visited 1 branch of the dungeon, and saw 3 of its levels.

You collected 84 gold pieces.

Inventory:

Hand Weapons
 a - a +0 hand axe (weapon)
Armour
 g - a +0 chain mail (worn)
Wands
 d - a wand of digging (1)
Scrolls
 e - 2 scrolls of remove curse
 f - 5 scrolls of teleportation {unknown}
Potions
 i - a potion of flight {unknown}
 j - a potion of berserk rage {unknown}
Comestibles
 b - a chunk of flesh
 c - 3 rations


   Skills:
 - Level 3.2 Fighting
 + Level 4.8 Axes
 + Level 3.2 Armour
 + Level 3.2 Dodging
 + Level 1.5 Stealth


You had 5 spell levels left.
You didn't know any spells.
Your spell library was empty.

Dungeon Overview and Level Annotations

Branches:
Dungeon (3/15)

Altars:
Dithmenos
Kikubaaqudgha
Sif Muna
Vehumet
Zin


Innate Abilities, Weirdness & Mutations

You are resistant to torment.
Your stone body is resilient. (AC +4)
You are immune to poison.
You resist negative energy. (rN+)
You are resistant to electric shocks. (rElec)
You can survive without breathing.
You are immune to petrification.
You are immune to rotting.


Message History

You closely miss the gnoll.
The gnoll is almost dead.
The gnoll barely misses you. x2; The gnoll hits you with a +0 flail.
* * * LOW HITPOINT WARNING * * *
Some of the chunks of flesh in your inventory have rotted away.
You hit the gnoll but do no damage.
The gnoll is almost dead.
The gnoll hits you but does no damage. The gnoll hits you with a +0 flail.
* * * LOW HITPOINT WARNING * * *
You hit the gnoll but do no damage.
The gnoll is almost dead.
The gnoll hits you but does no damage. The gnoll closely misses you.
The gnoll hits you but does no damage.
You hit the gnoll.
You kill the gnoll!
Trog accepts your kill.
The gnoll hits you from afar with a +0 halberd!
* * * LOW HITPOINT WARNING * * *
The gnoll hits you from afar with a +0 halberd!
You die...

# # # # #
########################
#
#......g.@.............#
#
#÷####################.#
# #.# #...# # #.# #.###
# #.# #.# #)# #.#
...........$...
######.#####
.>.............
.............
....##(........
#######......


You could see a gnoll.

Vanquished Creatures
  A centaur (D:2)
  A quasit (D:3)
  A hound (D:2)
  Jessica (D:1)
  Terence (D:2)
  2 gnolls (D:3)
  2 adders
  An ooze (D:1)
  A dart slug (D:2)
  3 leopard geckos (D:1)
  3 orcs (D:3)
  4 giant cockroaches
  4 goblins
  3 hobgoblins (D:1)
  7 jackals
  5 kobolds
  A quokka (D:2)
  A ball python (D:3)
  6 bats (D:1)
  6 frilled lizards
  3 rats
57 creatures vanquished.

Notes
Turn   | Place    | Note
-------+----------+-------------------------------------------
     0 | D:1      | Billy the Gargoyle Berserker began the quest for the Orb.
     0 | D:1      | Reached XP level 1. HP: 14/14 MP: 1/1
    86 | D:1      | Reached skill level 3 in Axes
    88 | D:1      | Reached XP level 2. HP: 15/19 MP: 2/2
   546 | D:2      | Noticed Jessica
   796 | D:1      | Reached XP level 3. HP: 23/23 MP: 3/3
  1139 | D:1      | Reached ** piety under Trog
  1157 | D:1      | Killed Jessica
  1157 | D:1      | Reached skill level 1 in Stealth
  1157 | D:1      | Reached XP level 4. HP: 13/28 MP: 4/4
  1710 | D:2      | Noticed a centaur
  1723 | D:2      | Killed a centaur
  1723 | D:2      | Reached skill level 4 in Axes
  1723 | D:2      | Reached XP level 5. HP: 20/32 MP: 5/5
  2113 | D:2      | Noticed Terence
  2122 | D:2      | Killed Terence
  2255 | D:2      | Found a shadowy altar of Dithmenos.
  2256 | D:2      | Found a shimmering blue altar of Sif Muna.
  2258 | D:2      | Found a radiant altar of Vehumet.
  2270 | D:2      | Found an ancient bone altar of Kikubaaqudgha.
  2273 | D:2      | Found a glowing silver altar of Zin.
  2527 | D:3      | Reached XP level 6. HP: 33/37 MP: 6/6
  2914 | D:3      | HP: 1/37 [gnoll/+0 halberd (6)]
  2929 | D:3      | Mangled by a gnoll

Levels and vault maps discovered:
D:1:      matt_arrival_spirals, layout_basic
D:2:      layout_basic, grunt_temple_overflow_open, minmay_misc_feat_pillars,
          uniq_terence, uniq_jessica
D:3:      layout_basic, first_ration, lemuel_another_geyser

Skill      XL: |  1  2  3  4  5  6 |
---------------+-------------------+-----
Axes           | 3 4 |  4.8
Dodging        | 2 3 |  3.2
Stealth        | 1 |  1.5
Armour         | 3 |  3.2
Fighting       | |  3.2

Action                   |  1- 3 |  4- 6 || total
-------------------------+-------+-------++-------
Melee: Hand axe          |    88 |   128 ||   216
Invok: Berserk           |     1 |     2 ||     3
  Use: Scroll            |       |     1 ||     1
       Potion            |       |     1 ||     1
 Stab: Sleeping          |     1 |       ||     1
  Eat: Chunk             |     1 |     7 ||     8
Armor: Animal skin       |    53 |       ||    53
       Scale mail        |       |    24 ||    24
       Chain mail        |       |    62 ||    62
Dodge: Dodged            |    85 |    89 ||   174
